 Dungeon Crawl Stone Soup version 0.30-b1-2-g02819fbbbe (webtiles) character file.

Game seed: 6541494714737708451

775 Dirian the Slasher (level 7, -5/62 HPs)
             Began as a Minotaur Fighter on May 6, 2023.
             Was an Initiate of Nemelex Xobeh.
             Slain by an orc warrior
             ... wielding a +0 halberd
              (12 damage)
             ... on level 5 of the Dungeon.
             The game lasted 00:08:50 (3827 turns).

Dirian the Slasher (Minotaur Fighter)               Turns: 3827, Time: 00:08:51

Health: -5/62      AC:  9    Str: 20    XL:     7   Next: 54%
Magic:  6/6        EV:  9    Int:  5    God:    Nemelex Xobeh [......]
Gold:   179        SH:  5    Dex: 12    Spells: 6/6 levels left

rFire   + . .        a - +1 long sword
rCold   . . .        c - +0 buckler
rNeg    . . .        b - +0 scale mail
rPois   .            (helmet restricted)
rElec   .            n - +0 cloak
rCorr   .            (no gloves)
SInv    .            (no boots)
Will    .....        (no amulet) Stlth
                     f - ring of protection from fire
HPRegen 0.30/turn    (no ring)
MPRegen 0.10/turn

%: no passive effects
@: no status effects
A: horns 2, retaliatory headbutt
a: Renounce Religion, Draw Escape, Draw Destruction, Draw Summoning


You were on level 5 of the Dungeon.
You worshipped Nemelex Xobeh.
Nemelex Xobeh was noncommittal.
You visited 2 branches of the dungeon, and saw 6 of its levels.

You collected 319 gold pieces.
You spent 140 gold pieces at shops.

Inventory:

Hand Weapons
 a - a +1 long sword (weapon)
 m - the +9 flail of Terror {flame, rF+ rN+ rCorr MP+9}
   (You found it on level 4 of the Dungeon)

   rF:        It protects you from fire.
   rN:        It protects you from negative energy.
   MP:        It affects your magic capacity (+9).
   rCorr:     It protects you from acid and corrosion.
Missiles
 e - 3 javelins (quivered)
 g - a boomerang
Armour
 b - a +0 scale mail (worn)
 c - a +0 buckler (worn)
 n - a +0 cloak (worn)
Jewellery
 f - a ring of protection from fire (left hand)
Wands
 l - a wand of charming (7)
Scrolls
 k - a scroll of brand weapon {unknown}
Potions
 d - a potion of might
 h - a potion of invisibility
 i - a potion of mutation {unknown}
 j - a potion of brilliance {unknown}
 o - a potion of degeneration
 q - 3 potions of curing
 t - a potion of resistance {unknown}
 u - 3 potions of flight
 w - 2 potions of heal wounds


   Skills:
 + Level 5.7 Fighting
 + Level 6.8 Long Blades
 + Level 6.6 Armour
 + Level 4.8 Shields


You had 6 spell levels left.
You didn't know any spells.
Your spell library contained the following spells:

 Spells                   Type           Power      Damage    Failure   Level
 Sandblast                Erth           0%         2d4       86%         1
 Passwall                 Tmut/Erth      0%         N/A       95%         2
 Stone Arrow              Conj/Erth      0%         3d7       99%         3


Dungeon Overview and Level Annotations

Branches:
Dungeon (5/15) Zot: 26229  Temple (1/1) D:4 Zot: 5873

Altars:
Ashenzari
Cheibriados
Dithmenos
Elyvilon
Fedhas
Gozag
Hepliaklqana
Kikubaaqudgha
Makhleb
Nemelex Xobeh
Qazlal
Ru
Sif Muna
Trog
Vehumet
Wu Jian
Xom
Yredelemnul
Zin
The Shining One

Shops:
D:1 ?   D:3 !:(


Innate Abilities, Weirdness & Mutations

You have a pair of horns on your head.
You reflexively headbutt those who attack you in melee.


Message History

The orc warrior is heavily wounded.
You block the orc warrior's attack. The orc hits you with a +0 club.
* * * LOW HITPOINT WARNING * * *
You hear some strange, mumbled words.
A magic dart appears from out of thin air!
The magic dart hits you but does no damage.
You barely miss the orc warrior. You headbutt the orc warrior!
The orc warrior is almost dead.
The orc warrior hits you with a +0 halberd!
* * * LOW HITPOINT WARNING * * *
The orc hits you but does no damage. Something hits you.
* * * LOW HITPOINT WARNING * * *
You closely miss the orc warrior. Your headbutt misses the orc warrior.
The orc warrior is almost dead.
The orc warrior barely misses you. The orc hits you but does no damage.
Something hits you but does no damage.
You feel much better.
The orc warrior hits you but does no damage.
You block the orc's attack.
You hear some strange, mumbled words.
A magic dart appears from out of thin air!
The magic dart hits you.
You hit the orc warrior but do no damage.
You headbutt the orc warrior, but do no damage.
The orc warrior is almost dead.
The orc warrior hits you with a +0 halberd!
The orc misses you. You block something's attack.
You closely miss the orc warrior.
The orc warrior is almost dead.
The orc warrior hits you but does no damage.
The orc hits you but does no damage. Something hits you but does no damage.
The orc hits you but does no damage. Something hits you.
* * * LOW HITPOINT WARNING * * *
The orc warrior hits you with a +0 halberd!
* * * LOW HITPOINT WARNING * * *
You closely miss the orc warrior. Your headbutt misses the orc warrior.
The orc warrior is almost dead.
The orc warrior hits you with a +0 halberd!
You die...
Your body disappears without a glow.

## #.# #.# # #.# ..#
.. #.#####..# ..
##.##[))..#
######.....###....#
#........### ..##
.)#####..# ##
...####o{# ......#@o#
.# . #####....##..# .
#...###.....# .
......#.#...# .
#....#...# #
######†.##....
###...###.# ..... .
#####..._.....#...##..
.###.....#.|.##.....##
#.


You could see an orc warrior and an orc.

Vanquished Creatures
  An ice beast (D:5)
  2 scorpions
  A hound (D:3)
  A jelly (D:4)
  An orc priest (D:4)
  A gnoll bouda (D:5)
  An iguana (D:5)
  6 orc wizards
  9 gnolls
  8 adders
  An ufetubus (D:5)
  A worm (D:4)
  A dart slug (D:4)
  19 orcs
  8 ball pythons
  5 endoplasms
  4 giant cockroaches
  4 goblins
  5 hobgoblins
  11 jackals
  3 quokkas
  6 bats
  2 frilled lizards (D:1)
  6 kobolds
  4 rats
111 creatures vanquished.

Notes
Turn   | Place    | Note
-------+----------+-------------------------------------------
     0 | D:1      | Dirian the Minotaur Fighter began the quest for the Orb.
     0 | D:1      | Reached XP level 1. HP: 19/19 MP: 0/0
     7 | D:1      | Found Buhit's Magic Scroll Shop.
    16 | D:1      | Reached XP level 2. HP: 10/27 MP: 1/1
   229 | D:1      | Reached XP level 3. HP: 33/33 MP: 2/2
   522 | D:1      | Found a faded altar of an unknown god.
   787 | D:2      | Found a glowing golden altar of the Shining One.
   928 | D:2      | Reached XP level 4. HP: 40/41 MP: 3/3
  1284 | D:3      | Found Duch's Vocational Training.
  1303 | D:3      | Found Poill's Weapon Boutique.
  1360 | D:3      | Found a stormy altar of Qazlal.
  1361 | D:3      | Noticed an earth elemental
  1363 | D:3      | Found Junemon's Distillery.
  1363 | D:3      | Noticed a fire elemental
  1363 | D:3      | Noticed a water elemental
  1363 | D:3      | Noticed an air elemental
  1373 | D:3      | Bought a potion of degeneration for 10 gold pieces
  1373 | D:3      | Bought a potion of curing for 30 gold pieces
  1373 | D:3      | Bought 2 potions of heal wounds for 100 gold pieces
  1627 | D:3      | Reached XP level 5. HP: 34/47 MP: 4/4
  1720 | D:3      | Reached skill level 5 in Armour
  1975 | D:3      | Found a white marble altar of Elyvilon.
  2436 | D:4      | Reached XP level 6. HP: 36/55 MP: 5/5
  2516 | D:4      | Reached skill level 5 in Fighting
  2516 | D:4      | Reached skill level 5 in Long Blades
  2556 | D:4      | Found a staircase to the Ecumenical Temple.
  2566 | D:4      | Identified the +9 flail of Terror {flame, rF+ rN+ rCorr
                  | MP+9}
  2996 | D:4      | Found a radiant altar of Vehumet.
  2998 | D:4      | Found a shimmering altar of Xom.
  2998 | D:4      | Found a bloodstained altar of Trog.
  3000 | D:4      | Found an opulent altar of Gozag.
  3000 | D:4      | Found a blossoming altar of Fedhas.
  3000 | D:4      | Found a shimmering altar of Xom.
  3111 | Temple   | Entered the Ecumenical Temple
  3218 | Temple   | Became a worshipper of Nemelex Xobeh the Trickster
  3252 | D:5      | Entered Level 5 of the Dungeon
  3502 | D:5      | Reached XP level 7. HP: 57/61 MP: 6/6
  3605 | D:5      | Found a blossoming altar of Fedhas.
  3754 | D:5      | Found a glowing golden altar of the Shining One.
  3827 | D:5      | Slain by an orc warrior

Illustrated notes

Levels and vault maps discovered:
D:1:      lightli_molten_gateway, layout_rooms,
          hellmonk_ecumenical_altar_lost_god, serial_shops, shop
D:2:      layout_rooms, basic_altar, serial_bayou_pond_b, chequers_jeans,
          palyth_stone_intersect
D:3:      minmay_recursive_quarters, layout_basic,
          nicolae_qazlal_style_of_elements, elyvilon_altar_1, serial_shops,
          shop, shop, nicolae_shop_vocational
D:4:      layout_cave_pools, doesnt_xom_only_xom, temple_pool_b
D:5:      layout_layer_cave, mainiacjoe_overflow_catch_the_wave
Temple:   regret_index_temple_waves

Skill      XL: |  1  2  3  4  5  6 |
---------------+-------------------+-----
Fighting       | 4 5 |  5.7
Armour         | 4 5 6 |  6.6
Shields        | 4 |  4.8
Long Blades    | 3 4 6 |  6.8

Action                     |  1- 3 |  4- 6 |  7- 9 || total
---------------------------+-------+-------+-------++-------
  Melee: Long sword        |    93 |   152 |    46 ||   291
         Headbutt          |    12 |    28 |    11 ||    51
  Throw: Javelin           |       |     1 |       ||     1
    Use: Scroll            |       |    10 |       ||    10
         Potion            |       |     1 |     3 ||     4
 Armour: Scale mail        |    46 |    59 |    26 ||   131
  Dodge: Dodged            |    35 |    77 |    19 ||   131
  Block: Buckler           |    28 |    38 |    13 ||    79
